 Dungeon Crawl Stone Soup version 0.30-a0-883-g5ad918d77d (webtiles) character file.

Game seed: 16048087853994551161

709 Lobster4 the Caller (level 7, -2/57 HPs)
             Began as a Hill Orc Summoner on Mar 16, 2023.
             Was an Initiate of Fedhas.
             Killed from afar by an orc wizard (10 damage)
             ... with a puff of flame
             ... on level 5 of the Dungeon.
             The game lasted 00:17:44 (6219 turns).

Lobster4 the Caller (Hill Orc Summoner)             Turns: 6219, Time: 00:17:45

Health: -2/57      AC:  5    Str: 11    XL:     7   Next: 68%
Magic:  10/10      EV: 12    Int: 17    God:    Fedhas [......]
Gold:   165        SH:  0    Dex: 11    Spells: 4/11 levels left

rFire   . . .      SeeInvis .    q - +0 hand axe
rCold   . . .      Faith    .    (no shield)
rNeg    . . .      Spirit   .    a - +0 robe
rPois   .          Reflect  .    d - +1 helmet
rElec   .          Rampage  .    (no cloak)
rCorr   .                        i - +0 pair of gloves
Will    .....                    (no boots)
Stlth   ++                       (no amulet)
HPRegen 0.29/turn                (no ring)
MPRegen 0.12/turn                (no ring)

@: no status effects
A: no striking features
a: Renounce Religion


You were on level 5 of the Dungeon.
You worshipped Fedhas.
Fedhas was noncommittal.
You visited 2 branches of the dungeon, and saw 6 of its levels.

You collected 165 gold pieces.

Inventory:

Hand Weapons
 e - a +0 club
 m - a +0 whip
 q - a +0 hand axe (weapon)
 r - a +0 sling
Missiles
 g - 3 throwing nets
Armour
 a - a +0 robe (worn)
 d - a +1 helmet (worn)
 h - a +0 ring mail
 i - a +0 pair of gloves (worn)
 j - a +0 leather armour
Magical Staves
 v - a staff of poison
Jewellery
 s - a ring of see invisible
 A - a ring of protection from fire
Wands
 b - a wand of roots (8)
 o - a wand of light (5)
Scrolls
 c - a scroll of teleportation {unknown}
 f - a scroll of brand weapon {unknown}
 n - 2 scrolls of vulnerability {unknown}
 u - a scroll of immolation {unknown}
 w - a scroll of blinking {unknown}
 x - a scroll of noise {unknown}
 y - a scroll of magic mapping {unknown}
Potions
 l - 2 potions of haste
 p - a potion of berserk rage
 t - a potion of flight
 z - 2 potions of ambrosia
 B - a potion of magic
 C - a potion of heal wounds {unknown}
 D - a potion of cancellation {unknown}


   Skills:
 + Level 3.1 Fighting
 + Level 1.7(2.3) Axes
 - Level 1.7(2.0) Maces & Flails
 + Level 1.4 Throwing
 + Level 2.6 Armour
 + Level 2.7 Dodging
 - Level 2.0 Stealth
 + Level 2.5 Spellcasting
 + Level 5.0 Summonings
 + Level 2.5 Fire Magic
 + Level 1.2 Invocations
 + Level 1.6 Evocations


You had 4 spell levels left.
You knew the following spells:

 Your Spells              Type           Power      Damage    Failure   Level
a - Summon Small Mammal   Summ           76%        N/A       2%          1
b - Call Imp              Summ           19%        N/A       3%          2
c - Call Canine Familiar  Summ           19%        N/A       7%          3
d - Foxfire               Conj/Fire      24%        2x1d5     11%         1

Your spell library contained the following spells:

 Spells                   Type           Power      Damage    Failure   Level
 Summon Guardian Golem    Hex/Summ       10%        N/A       19%         3
 Ensorcelled Hibernation  Hex/Ice        4%         N/A       28%         2
 Portal Projectile        Hex/Tloc       4%         N/A       50%         3
 Spider Form              Tmut/Pois      2%         N/A       50%         3
 Tukima's Dance           Hex            2%         N/A       50%         3
 Summon Lightning Spire   Summ/Air       10%        N/A       54%         4
 Anguish                  Hex/Necr       1%         N/A       88%         4
 Fireball                 Conj/Fire      3%         3d4       96%         5
 Blade Hands              Tmut           1%         N/A       99%         5
 Starburst                Conj/Fire      3%         6d3       100%        6


Dungeon Overview and Level Annotations

Branches:
Dungeon (5/15)             Temple (1/1) D:4

Altars:
Ashenzari
Fedhas
Nemelex Xobeh
Sif Muna
Trog
Vehumet
Yredelemnul


Message History

Your crimson imp blinks!
Something hits you but does no damage. Something misses your quokka.
You swap places.
Something hits you. Something barely misses your quokka.
You hit something. The orc misses your quokka.
You hear some strange, mumbled words.
Something tries to affect you, but you resist.
You miss something. The orc misses your quokka.
Something hits you but does no damage.
Something hits your quokka but does no damage.
You closely miss something. The orc misses your quokka.
Something hits you but does no damage. Something misses your quokka.
You miss something.
The orc hits your quokka with a +0 club.
Your quokka dies!
Your quokka's corpse disappears in a puff of smoke!
Something hits you but does no damage.
You barely miss something. You hit the orc. The orc closely misses you.
Something hits you but does no damage.
You closely miss something. You closely miss the orc.
The orc hits you but does no damage. Something hits you!
You miss something. You hit the orc.
You kill the orc!
Fedhas appreciates your contribution to the ecosystem.
Something hits you!
You miss something. Something hits you.
You miss something. Something hits you!
* * * LOW HITPOINT WARNING * * *
You closely miss something. Something hits you.
* * * LOW HITPOINT WARNING * * *
Something hits you but does no damage.
Okay, then.
Unknown command.
You barely miss something. Something hits you.
* * * LOW HITPOINT WARNING * * *
You closely miss something.
You hear some strange, mumbled words.
A puff of flame appears from out of thin air!
The puff of flame hits you!
You die...
Fedhas appreciates your contribution to the ecosystem.

..# #....# #.# ##....# #.#
#.....# #.# ###.....###
#.###.........# .###
#[............#
......#####..#.........#
.........)........)(...#####
.P....####..##.5@{)....#...#
.._...#)....####)#.#####...#
.......)...................#
.......)....####.###.......#
##..........# ##.###.#######
####.......###..#...####
#..#........)...)....#
............#)#####.###
..................>..<.#


You could see a friendly crimson imp (summoned).

Vanquished Creatures
  2 phantoms (D:4)
  A howler monkey (D:4)
  An orc priest (D:5)
  A sleepcap (D:4)
  Jessica (D:3)
  3 gnolls (D:5)
  An adder (D:4)
  A worm (D:2)
  2 orcs (D:5)
  4 ball pythons
  3 bats (D:1)
  2 endoplasms
  3 giant cockroaches
  9 goblins
  2 hobgoblins
  4 kobolds
  A quokka (D:3)
  A frilled lizard (D:1)
  2 rats
44 creatures vanquished.

Vanquished Creatures (collateral kills)
  A phantom (D:4)
  A scorpion (D:5)
  A hound (D:4)
  A jelly (D:5)
  An orc wizard (D:4)
  Robin (D:3)
  3 gnolls (D:4)
  3 adders
  An ufetubus (D:4)
  2 worms
  7 orcs
  5 endoplasms
  3 giant cockroaches
  14 goblins
  8 hobgoblins
  A quokka (D:2)
  2 bats
  4 frilled lizards
  3 kobolds
62 creatures vanquished.

Vanquished Creatures (others)
  8 foxfires (D:5)
  4 fungi (D:1)
  9 plants
  3 withered plants (D:5)
24 creatures vanquished.

Grand Total: 130 creatures vanquished

Notes
Turn   | Place    | Note
-------+----------+-------------------------------------------
     0 | D:1      | Lobster4 the Hill Orc Summoner began the quest for the Orb.
     0 | D:1      | Reached XP level 1. HP: 14/14 MP: 3/3
   268 | D:1      | Reached XP level 2. HP: 18/22 MP: 1/4
   273 | D:1      | Learned a level 2 spell: Call Imp
   355 | D:1      | Learned a level 1 spell: Foxfire
   716 | D:1      | Reached skill level 1 in Fighting
   716 | D:1      | Reached XP level 3. HP: 21/28 MP: 5/5
   786 | D:1      | Found a faded altar of an unknown god.
   889 | D:1      | Reached skill level 1 in Armour
  1681 | D:2      | Reached XP level 4. HP: 34/35 MP: 3/6
  2361 | D:3      | Reached skill level 1 in Fire Magic
  2629 | D:3      | Noticed Robin
  2672 | D:3      | Killed Robin
  2673 | D:3      | Reached XP level 5. HP: 6/41 MP: 2/8
  3265 | D:3      | Noticed Jessica
  3279 | D:3      | Killed Jessica
  3744 | D:4      | Noticed a phantom
  3856 | D:4      | Noticed a phantom
  3870 | D:4      | Killed a phantom
  3871 | D:4      | Reached XP level 6. HP: 32/49 MP: 5/9
  3992 | D:4      | Reached skill level 1 in Maces & Flails
  4208 | D:4      | Reached skill level 1 in Throwing
  4208 | D:4      | Reached skill level 1 in Evocations
  4328 | D:4      | Reached XP level 7. HP: 50/56 MP: 7/10
  4723 | D:4      | Found a staircase to the Ecumenical Temple.
  4730 | Temple   | Entered the Ecumenical Temple
  4907 | Temple   | Became a worshipper of Fedhas Madash
  4931 | D:4      | Reached skill level 1 in Axes
  5387 | D:5      | Entered Level 5 of the Dungeon
  5392 | D:5      | Reached skill level 5 in Summonings
  5658 | D:5      | Learned a level 3 spell: Call Canine Familiar
  5812 | D:5      | Reached skill level 1 in Invocations
  5812 | D:5      | Found a basalt altar of Yredelemnul.
  6219 | D:5      | Killed from afar by an orc wizard

Illustrated notes

Levels and vault maps discovered:
D:1:      dpeg_arrival_stone_temple_mockup, layout_loops_ring,
          shapermc_ecumenical_altar_mp_urbaneastern
D:2:      layout_basic, grunt_decor_junction
D:3:      layout_basic, uniq_jessica, uniq_robin
D:4:      layout_loops_corners, minmay_temple_entry_hall, serial_glass,
          glass_columns_a, glass_columns_b, glass_columns_a
D:5:      layout_rooms, yredelemnul_altar_generic, minivault_14,
          serial_bayou_pond_c, kennysheep_generic_room_16
Temple:   nicolae_temple_bog_church

Skill      XL: |  1  2  3  4  5  6  7 |
---------------+----------------------+-----
Fighting       | 1 2 3 |  3.1
Armour         | 1 2 |  2.6
Dodging        | 2 |  2.7
Stealth        | 2 |  2.0
Fire Magic     | 1 2 |  2.5
Spellcasting   | 2 |  2.5
Maces & Flails | 1 |  1.7
Throwing       | 1 |  1.4
Evocations     | 1 |  1.6
Axes           | 1 |  1.7
Summonings     | 5 |  5.0
Invocations    | 1 |  1.2

Action                     |  1- 3 |  4- 6 |  7- 9 || total
---------------------------+-------+-------+-------++-------
  Melee: Unarmed           |    10 |       |       ||    10
         Club              |    88 |    56 |       ||   144
         Punch             |       |     2 |     2 ||     4
         Whip              |       |    45 |       ||    45
         Hand axe          |       |    20 |    73 ||    93
   Cast: Summon Small Mamm |    42 |    52 |    37 ||   131
         Call Imp          |     3 |    17 |    17 ||    37
         Foxfire           |       |       |     5 ||     5
    Use: Potion            |       |     4 |     2 ||     6
         Scroll            |       |     5 |     2 ||     7
   Stab: Sleeping          |     3 |     1 |       ||     4
         Distracted        |     2 |     2 |     1 ||     5
 Armour: Robe              |    39 |    34 |    31 ||   104
         Skin              |       |    66 |       ||    66
  Dodge: Dodged            |    96 |    81 |    47 ||   224

Table legend: (Time is in decaauts)
 A = Elapsed time spent in this place.
 B = Non-inter-level travel time spent in this place.
 C = Inter-level travel time spent in this place.
 D = Time resting spent in this place.
 E = Time spent auto-exploring this place.
 F = Levels seen in this place.
 G = Mean time per level.
                   A        B        C        D        E       F      G
               +--------+--------+--------+--------+--------+-----+--------+
         Total |   6296 |   5972 |    324 |    566 |   4237 |   6 | 1049.3 |
       Dungeon |   6100 |   5799 |    301 |    566 |   4070 |   5 | 1220.0 |
        Temple |    195 |    172 |     23 |      0 |    167 |   1 |  195.0 |
               +--------+--------+--------+--------+--------+-----+--------+

Top non-repeatable levels by time:
     D:4: 1567 daAuts
     D:3: 1539 daAuts
     D:1: 1281 daAuts
     D:2: 1017 daAuts
     D:5: 695 daAuts
  Temple: 195 daAuts
